details: 'asdasd'

« prev index next »

General information

Mini Map

Players

team 1
NightElfGODIEPLZ (blue | 149 APM | 1902 actions | 12:47)
Hero icon 4 Demon Hunter
Ability icon 2 Mana Burn
Ability icon 2 Evasion
Hero icon 2 Pandaren Brewmaster
Ability icon 1 Breath of Fire
Ability icon 1 Drunken Haze

» actions
Assign group hotkey28
Basic commands55
Build / train46
ESC pressed1
Enter build submenu13
Enter hero's abilities submenu6
Give item / drop item1
Right click987
Select / deselect485
Select group hotkey240
Use ability40
1902 total
» units
Wisp11
Archer16
Huntress1
Dryad3
31 total
» upgrades
Strength of the Moon2
Improved Bows1
3 total
» buildings
Altar of Elders1
Moon Well5
Ancient of War2
Hunter's Hall1
Tree of Ages1
Ancient of Wonders1
Ancient of Lore1
Tree of Life1
13 total
» build order
00:03 Altar of Elders
00:07 Moon Well
00:43 Ancient of War
01:35 Moon Well
02:35 Hunter's Hall
04:10 Tree of Ages
04:17 Ancient of War
04:44 Moon Well
05:39 Moon Well
06:58 Ancient of Wonders
07:25 Ancient of Lore
11:53 Tree of Life
12:02 Moon Well
» items
Potion of Healing1
Staff of Preservation1
2 total
team 2
NightElfstrcr5ft (pink | 72 APM | 913 actions | 12:46)
Hero icon 3 Demon Hunter
Ability icon 2 Mana Burn
Ability icon 1 Evasion
Hero icon 2 Keeper of the Grove
Ability icon 1 Entangling Roots
Ability icon 1 Thorns Aura

» actions
Assign group hotkey25
Basic commands84
Build / train43
ESC pressed3
Enter build submenu13
Enter hero's abilities submenu5
Right click358
Select / deselect249
Select group hotkey93
Use ability40
913 total
» units
Wisp12
Huntress6
Druid of the Talon4
Dryad3
Mountain Giant1
Glaive Thrower1
27 total
» upgrades
Sentinel1
Druid of the Talon Training1
Abolish Magic1
Strength of the Wild1
4 total
» buildings
Altar of Elders1
Moon Well4
Ancient of War1
Hunter's Hall1
Tree of Ages1
Ancient of Wonders1
Ancient of Lore1
Ancient of Wind1
Ancient Protector1
12 total
» build order
00:13 Altar of Elders
00:18 Moon Well
01:54 Ancient of War
01:58 Hunter's Hall
02:04 Moon Well
03:05 Tree of Ages
04:35 Moon Well
04:57 Ancient of Wonders
05:33 Ancient of Lore
05:41 Ancient of Wind
09:46 Moon Well
09:50 Ancient Protector
» items
Potion of Healing1
1 total